 Dungeon Crawl Stone Soup version 0.14-a0-2564-g94087c3 (webtiles) character file.

608 Jenx the Cudgeler (level 6, 0/40 HPs)
             Began as a Gargoyle Berserker on Feb 11, 2014.
             Was an Elder of Trog.
             Slain by an ogre
             ... wielding a +0,+0 giant club
              (12 damage)
             ... on Level 4 of the Dungeon.
             The game lasted 00:08:40 (3082 turns).

Jenx the Cudgeler (Gargoyle Berserker)              Turns: 3082, Time: 00:08:40

HP   0/40        AC 14     Str 20      XL: 6   Next: 57%
MP   0/15        EV  6     Int  8      God: Trog [****..]
Gold 265         SH  8     Dex 11      Spells:  0 memorised,  5 levels left

rFire  . . .     SeeInvis .     a - +2,+0 whip (elec)
rCold  . . .     Clarity  .     m - +0 chain mail
rNeg   + . .     Conserve .     E - +2 buckler
rPois  +         rCorr    .     (no helmet)
rElec  +         rRot     +     H - +0 cloak
SustAb . .       Spirit   +     (no gloves)
rMut   .         Warding  .     (no boots)
Saprov . . .     Stasis   .     r - amulet of guardian spirit
MR     ++...                    (no ring)
                                D - ring of magical power

@: regenerating, very resistant to hostile enchantments, extremely unstealthy
A: life protection 1, electricity resistance, unbreathing, petrification
resistance, AC +4
a: Burn Spellbooks, Berserk, Trog's Hand, Brothers in Arms, Renounce Religion


You were on level 4 of the Dungeon.
You worshipped Trog.
Trog was greatly pleased with you.
You were not hungry.

You visited 1 branch of the dungeon, and saw 4 of its levels.

You collected 265 gold pieces.

Inventory:

Hand weapons
 a - a +2,+0 whip of electrocution (weapon)
 b - a +1,+0 dwarven mace
 G - a +2,+4 quarterstaff of chaos
Missiles
 u - 8 tomahawks (quivered)
Armour
 m - a +0 chain mail (worn)
 E - a +2 buckler (worn)
 H - a +0 cloak (worn)
Magical devices
 C - a wand of digging (12) {unknown}
Comestibles
 c - 2 bread rations
 q - 2 meat rations
 I - 3 chunks of hobgoblin flesh
 J - a chunk of giant gecko flesh
Scrolls
 e - 2 scrolls of amnesia {unknown}
 i - 4 scrolls of remove curse {unknown}
 k - a scroll of fear {unknown}
 n - a scroll of fog {unknown}
 o - 3 scrolls of identify {unknown}
 p - 2 scrolls of teleportation {unknown}
 t - 3 scrolls of curse weapon {unknown}
Jewellery
 r - an amulet of guardian spirit (around neck)
 s - an uncursed ring of fire
 y - an uncursed amulet of faith {unknown}
 D - a ring of magical power (left hand)
 F - an uncursed ring of fire
Potions
 d - 2 potions of lignification {unknown}
 f - 8 potions of heal wounds
 g - a potion of brilliance {unknown}
 h - 2 potions of curing {unknown}
 j - a potion of cure mutation {unknown}
 l - a potion of agility {unknown}
 v - 3 potions of degeneration {unknown}
 x - 2 potions of flight {unknown}
 z - a potion of porridge
 A - 2 potions of might {unknown}


   Skills:
 + Level 4.8 Fighting
 * Level 7.0 Maces & Flails
 - Level 2.1 Armour
 - Level 1.5 Dodging


You had 5 spell levels left.
You didn't know any spells.

Dungeon Overview and Level Annotations

Branches:
Dungeon (4/16)
 Temple: D:4-7

Altars:
Ashenzari

Shops:
D:4 [*(?

Annotations:
D:4 300 gp - demon whip


Innate Abilities, Weirdness & Mutations

You are resistant to torment.
You are immune to poison.
Your stone body is very resilient (AC +4).
You resist negative energy.
You are resistant to electric shocks.
You can survive without breathing.
You are immune to petrification.


Message History

The ogre is lightly wounded.
You hit the ogre.
The ogre is moderately wounded.
The ogre hits you with a giant club!
Your shield and chain mail prevent you from hitting the ogre.
The ogre is moderately wounded.
The ogre hits you but does no damage.
You hit the ogre.
The ogre is moderately wounded.
You hit the ogre.
The ogre is heavily wounded.
The ogre hits you with a giant club!
* * * LOW HITPOINT WARNING * * *
You whack the ogre!
The ogre is severely wounded.
Use which ability? (? or * to list)
Your skin crawls.
You feel resistant to hostile enchantments.
You feel slightly more hungry. The ogre hits you with a giant club!
You die...

.(.#.(......[...#
#######.###.##..#
...#....# .....###
...#.<..# .##.#...
#..#.###....##.##.#
#...........##.##.#
##############.##.#
#...##O#######
#..@.>.....(.
#..######### #..#
#..# #.#..# #.#..#
#.#..# #.#..#
#.#..#


You could see an ogre.

Vanquished Creatures
  An ogre (D:4)
  Crazy Yiuf (D:4)
  An orc priest (D:3)
  A scorpion (D:4)
  A centaur skeleton (D:4)
  7 adders
  3 giant geckos
  4 orcs (D:3)
  9 hobgoblins
  2 jackals (D:3)
  4 ball pythons (D:3)
  13 bats
  4 giant cockroaches
  3 giant newts
  13 goblins
  9 kobolds
  12 rats
88 creatures vanquished.

Notes
Turn   | Place    | Note
--------------------------------------------------------------
     0 | D:1      | Jenx, the Gargoyle Berserker, began the quest for the Orb.
     0 | D:1      | Reached XP level 1. HP: 14/14 MP: 1/1
   157 | D:1      | Reached XP level 2. HP: 16/19 MP: 2/2
   174 | D:1      | Reached skill level 4 in Maces & Flails
   888 | D:1      | Reached XP level 3. HP: 23/23 MP: 3/3
   987 | D:2      | Acquired Trog's second power
  1301 | D:2      | Reached skill level 5 in Maces & Flails
  1320 | D:2      | Reached XP level 4. HP: 26/28 MP: 4/4
  1839 | D:3      | Found a shattered altar of Ashenzari.
  2225 | D:3      | Reached XP level 5. HP: 33/33 MP: 1/5
  2639 | D:4      | Reached skill level 6 in Maces & Flails
  2687 | D:4      | Reached XP level 6. HP: 30/39 MP: 4/6
  2696 | D:4      | Found Vuaf's Assorted Antiques.
  2718 | D:4      | Acquired Trog's third power
  2772 | D:4      | Noticed an ogre
  2778 | D:4      | Killed an ogre
  2800 | D:4      | Found Gaubukhluh's Armour Boutique.
  2833 | D:4      | Noticed Crazy Yiuf
  2841 | D:4      | Killed Crazy Yiuf
  2841 | D:4      | Reached skill level 7 in Maces & Flails
  2889 | D:4      | Found Basadi's Magic Scroll Shoppe.
  2980 | D:4      | Found Lameg's Antique Weapon Boutique.
  3071 | D:4      | Noticed an ogre
  3082 | D:4      | Slain by an ogre

Action                   |  1- 3 |  4- 6 || total
-------------------------+-------+-------++-------
Melee: Mace              |   128 |   123 ||   251
       Whip              |       |    52 ||    52
Throw: Tomahawk          |       |     9 ||     9
Invok: Trog's Hand       |       |     1 ||     1
  Use: Potion            |       |     1 ||     1
